AoeStats
← mryendl2410

Arena

509055700Analyzed
4v4 RM · 8d ago on Sep 25, 2026· 40m 59s· 8 players
Game mode
Random Map
Map size
Large (8 player)
Population
200
Speed
Normal
Resources
Standard
Victory
Conquest
Starting age
Dark Age
Ending age
Imperial Age
RankedLock teamsTeams togetherTeam positionsShared explorationLock speedFull tech treeHidden civsTurbo modeCheats
Victory
Defeat
🇻🇳 Italians · Vietnam
1393
+17
🇹🇼 Danes · Taiwan
1372
+18
🇻🇳 Lithuanians · Vietnam
1351
+19
🇹🇼 Danes · Taiwan
1333
+19
🇮🇳 Khmer · India
1422
-19
🇰🇷 Persians · South Korea
1412
-18
🇹🇼 Turks · Taiwan
1410
-18
🇨🇳 Portuguese · China
1406
-18
piecardinap
12:07 Feudal Age
12:41 Double-Bit Axe
12:37 Horse Collar
13:26 Gold Mining
15:50 Castle Age
23:28 Scale Barding Armor
23:46 Loom
24:37 Wheelbarrow
25:08 Stone Mining
25:56 Bloodlines
31:33 Imperial Age
29:56 Forging
30:13 Bow Saw
30:03 Heavy Plow
32:02 Fervor
32:14 Sanctity
32:00 Cavalier
33:01 Chain Barding Armor
33:17 Iron Casting
32:46 Husbandry
33:42 Hand Cart
33:56 Conscription
34:46 Plate Barding Armor
38:58 Paladin
MinatoRen
10:38 Feudal Age
11:54 Loom
14:15 Castle Age
12:08 Double-Bit Axe
13:11 Horse Collar
17:01 Arson
23:52 Gold Mining
32:11 Bow Saw
32:36 Masonry
33:52 Redemption
37:42 Wheelbarrow
36:53 Loom
37:50 Guard Tower
37:53 Fletching
cgan13289
11:15 Feudal Age
12:05 Double-Bit Axe
14:54 Castle Age
12:57 Horse Collar
14:15 Gold Mining
15:53 Bow Saw
16:55 Town Watch
19:24 Loom
23:01 Scale Mail Armor
23:56 Chain Mail Armor
24:56 Wheelbarrow
24:46 Forging
28:04 Hand Cart
31:32 Stone Mining
34:44 Masonry
37:17 Imperial Age
35:06 Hamask
35:59 Town Patrol
36:09 Heavy Plow
36:47 Iron Casting
36:39 Ballistics
36:12 Pikeman
36:53 Squires
36:39 Arson
37:44 Heavy Scorpion
37:48 Halberdier
40:05 Chemistry
39:47 Halberdier
41:36 Plate Mail Armor
mryendl2410
12:19 Feudal Age
10:47 Loom
13:39 Double-Bit Axe
16:06 Castle Age
14:08 Horse Collar
15:56 Gold Mining
21:14 Imperial Age
19:25 Fletching
27:07 Bodkin Arrow
29:22 Bracer
30:13 Padded Archer Armor
32:41 Chemistry
32:06 Ballistics
34:14 Leather Archer Armor
35:26 Wheelbarrow
36:09 Thumb Ring
36:56 Conscription
39:18 Elite Genoese Crossbowman
41:45 Ring Archer Armor
jetty8282-한국인
11:07 Feudal Age
14:48 Castle Age
12:44 Double-Bit Axe
13:32 Horse Collar
13:51 Loom
15:47 Bow Saw
18:48 Heavy Plow
20:12 Gold Mining
21:12 Wheelbarrow
22:30 Gold Shaft Mining
28:41 Imperial Age
27:27 Bloodlines
27:17 Husbandry
28:17 Cavalier
30:14 Forging
31:27 Two-Man Saw
34:22 Scale Barding Armor
35:24 Crop Rotation
37:59 Iron Casting
38:28 Chain Barding Armor
39:06 Thumb Ring
38:43 Elite Skirmisher
39:15 Fletching
40:31 Chemistry
39:50 Bodkin Arrow
40:26 Ballistics
40:37 Conscription
40:32 Padded Archer Armor
master
8:57 Feudal Age
9:18 Horse Collar
10:33 Wheelbarrow
9:48 Double-Bit Axe
16:55 Castle Age
18:01 Loom
27:30 Imperial Age
27:01 Sanctity
27:16 Bow Saw
32:43 Gold Mining
33:55 Two-Man Saw
37:43 Town Watch
arsenalchelsea2
10:25 Feudal Age
14:01 Castle Age
11:52 Horse Collar
12:02 Double-Bit Axe
15:34 Bow Saw
18:38 Stone Mining
21:26 Gold Mining
22:27 Loom
23:18 Wheelbarrow
26:58 Imperial Age
25:14 Gold Shaft Mining
25:23 Bloodlines
25:14 Husbandry
26:32 Scale Barding Armor
27:49 Chain Barding Armor
28:56 Plate Barding Armor
28:48 Hand Cart
28:42 Elite Battle Elephant
30:25 Conscription
32:14 Tusk Swords
32:50 Forging
32:21 Light Cavalry
33:34 Hussar
35:18 Iron Casting
39:35 Tusk Swords
40:32 Elite Ballista Elephant
鸡腿1379
10:55 Feudal Age
12:00 Double-Bit Axe
15:00 Castle Age
12:44 Horse Collar
17:01 Wheelbarrow
25:41 Imperial Age
23:13 Gold Mining
25:09 Bow Saw
24:50 Crossbowman
29:47 Stone Mining
31:19 Fletching
32:48 Arbalester
32:55 Arbalester
34:16 Bodkin Arrow
35:52 Thumb Ring
36:31 Bracer
37:56 Chemistry
37:12 Padded Archer Armor
38:17 Ballistics
38:15 Leather Archer Armor
Connection lost

Rejoining the realm…

Still unreachable

The connection could not be restored.

Session expired

The server has moved on; the page needs a fresh start.